 Dungeon Crawl Stone Soup version 0.25.1-1-g288607f (webtiles) character file.

Game seed: 2813133858277362538

36 Ayyar the Grasshopper (level 3, -7/31 HPs)
             Began as a Gnoll Warper on Aug 18, 2020.
             Shot with an arrow by a centaur (11 damage)
             ... on level 1 of the Dungeon.
             The game lasted 00:04:44 (899 turns).

Ayyar the Grasshopper (Gnoll Warper)                 Turns: 899, Time: 00:04:45

Health: -7/31      AC:  3    Str: 14    XL:     3   Next: 37%
Magic:  9/9        EV: 14    Int: 15    God:
Gold:   72         SH:  0    Dex: 14    Spells: 12/12 levels left

rFire    . . .     SeeInvis .   a - +0 spear
rCold    . . .     Gourm    .   (no shield)
rNeg     . . .     Faith    .   b - +0 leather armour
rPois    .         Spirit   .   (no helmet)
rElec    .         Reflect  .   (no cloak)
rCorr    .         Harm     .   (no gloves)
MR       .....                  (no boots)
Stlth    +.........             (no amulet)
HPRegen  0.10/turn              (no ring)
MPRegen  0.11/turn              (no ring)

@: no status effects
A: distributed training, fangs 1, strong nose
a: no special abilities


You were on level 1 of the Dungeon.
You were not hungry.

You visited 1 branch of the dungeon, and saw 2 of its levels.

You collected 72 gold pieces.

Inventory:

Hand Weapons
 a - a +0 spear (weapon)
Armour
 b - a +0 leather armour (worn)
 h - a +0 ring mail
Scrolls
 c - a scroll of noise {unknown}
 d - a scroll of blinking
 g - 2 scrolls of remove curse {unknown}
 j - a scroll of amnesia {unknown}
 k - a scroll of identify {unknown}
 m - a scroll of teleportation {unknown}
Potions
 l - a potion of heal wounds {unknown}
 n - a potion of flight {unknown}
Comestibles
 f - a ration
 i - 3 chunks of flesh


   Skills:
 + Level 4.5 Fighting
 + Level 0.7 Short Blades
 + Level 0.7 Long Blades
 + Level 0.7 Axes
 + Level 0.7 Maces & Flails
 + Level 4.5 Polearms
 + Level 0.7 Staves
 + Level 0.7 Slings
 + Level 0.7 Bows
 + Level 0.7 Crossbows
 + Level 2.6 Throwing
 + Level 2.6 Armour
 + Level 4.5 Dodging
 + Level 0.7 Stealth
 + Level 0.7 Shields
 + Level 0.7 Unarmed Combat
 + Level 5.0 Spellcasting
 + Level 0.5 Conjurations
 + Level 0.5 Hexes
 + Level 0.5 Charms
 + Level 0.5 Summonings
 + Level 0.5 Necromancy
 + Level 5.4 Translocations
 + Level 0.5 Transmutations
 + Level 0.5 Fire Magic
 + Level 0.5 Ice Magic
 + Level 0.5 Air Magic
 + Level 0.5 Earth Magic
 + Level 0.5 Poison Magic
 + Level 0.9 Invocations
 + Level 0.7 Evocations


You had 12 spell levels left.
You didn't know any spells.
Your spell library contained the following spells:

 Spells                   Type           Power        Failure   Level  Hunger
 Blink                    Tloc           N/A          3%          2    ##.....
 Gell's Gravitas          Tloc           ###.......   6%          3    ###....
 Lesser Beckoning         Tloc           ###.......   6%          3    ###....
 Teleport Other           Tloc           ###.....     6%          3    ###....
 Shroud of Golubria       Chrm/Tloc      ##....       9%          2    ##.....
 Passage of Golubria      Tloc           N/A          22%         4    ####...


Dungeon Overview and Level Annotations

Branches:
Dungeon (2/15)

Altars:


Innate Abilities, Weirdness & Mutations

Your experience applies equally to all skills.
You have very sharp teeth.
Your uncanny sense of smell can sniff out nearby items.


Message History

The boomerang of dispersal hits the centaur.
The centaur blinks!
The centaur is severely wounded.
The centaur shoots an arrow.
The arrow barely misses you.
Throwing (i - inventory)
e - 2 boomerangs of dispersal (quivered)
Press: ? - help, Shift-Dir - straight line, f/p - centaur
Aim: a centaur, wielding a +0 shortbow and quivering 25 arrows (severely wounded)
You throw a boomerang of dispersal.
The boomerang of dispersal hits the centaur but does no damage.
The centaur is severely wounded.
The centaur shoots an arrow.
The arrow barely misses you.
The centaur shoots an arrow.
The arrow barely misses you.
Throwing (i - inventory)
e - a boomerang of dispersal (quivered)
Press: ? - help, Shift-Dir - straight line, f/p - centaur
Aim: a centaur, wielding a +0 shortbow and quivering 23 arrows (severely wounded)
You throw a boomerang of dispersal.
The boomerang of dispersal hits the centaur.
The centaur blinks!
The centaur shoots an arrow.
The arrow hits you!
You die...

#..###.### ###.#.##.##.
##...##.....#
################....###...##
#.........(....+....##.....#
#..........#####....#.##.##.
#..........# #.....###.###
#.........(######......#.##.
#.........>@....+......#.#..
#............####...........
#.........÷..####.........#.
#...........................
#####..§...÷.###############
####.....# # #c....# #
#.....# #.....#


You could see a centaur.

Vanquished Creatures
  4 dart slugs (D:1)
  A leopard gecko (D:1)
  4 bats (D:1)
  A giant cockroach (D:1)
  5 goblins (D:1)
  2 hobgoblins (D:1)
  2 frilled lizards (D:1)
  4 kobolds (D:1)
  3 rats (D:1)
26 creatures vanquished.

Notes
Turn   | Place    | Note
-------+----------+-------------------------------------------
     0 | D:1      | Ayyar the Gnoll Warper began the quest for the Orb.
     0 | D:1      | Reached XP level 1. HP: 20/20 MP: 6/6
   121 | D:1      | Reached XP level 2. HP: 18/26 MP: 7/7
   475 | D:1      | Reached XP level 3. HP: 31/31 MP: 9/9
   505 | D:1      | Reached skill level 5 in Spellcasting
   880 | D:2      | Noticed a centaur
   899 | D:1      | Shot with an arrow by a centaur

Illustrated notes

Levels and vault maps discovered:
D:1:      dpeg_arrival_tiny_j, layout_basic, hex_intersection
D:2:      layout_rooms, serial_co_window_serial, co_window_cross_1,
          co_window_cross_1, co_window_paths_b, co_window_paths_a,
          co_window_cross_1, co_window_paths_a, co_window_corner_ca,
          co_window_unsneaky_path_d, co_window_corner_cb, co_window_paths_d,
          glass_columns_a, glass_columns_b, glass_columns_b,
          serial_bayou_lake_a, uniq_crazy_yiuf_cottage, uniq_jessica

Skill      XL: |  1  2  3 |
---------------+----------+-----
Spellcasting   | 5 |  5.0
Fighting       | |  4.5
Short Blades   | |  0.7
Long Blades    | |  0.7
Axes           | |  0.7
Maces & Flails | |  0.7
Polearms       | |  4.5
Staves         | |  0.7
Slings         | |  0.7
Bows           | |  0.7
Crossbows      | |  0.7
Throwing       | |  2.6
Armour         | |  2.6
Dodging        | |  4.5
Stealth        | |  0.7
Shields        | |  0.7
Unarmed Combat | |  0.7
Conjurations   | |  0.5
Hexes          | |  0.5
Charms         | |  0.5
Summonings     | |  0.5
Necromancy     | |  0.5
Translocations | |  5.4
Transmutations | |  0.5
Fire Magic     | |  0.5
Ice Magic      | |  0.5
Air Magic      | |  0.5
Earth Magic    | |  0.5
Poison Magic   | |  0.5
Invocations    | |  0.9
Evocations     | |  0.7

Action                   || total
-------------------------++-------
Melee: Spear             ||   100
       Bite              ||    10
Throw: Boomerang         ||     5
Armor: Leather armour    ||    13
Dodge: Dodged            ||    52
